 Dungeon Crawl Stone Soup version 0.25.1-2-g60ff931df9 (webtiles) character file.

Game seed: 18283424148645246778

19 Acheron the Magician (level 2, 0/16 HPs)
             Began as a Gargoyle Wizard on Sept 13, 2020.
             Killed by nerve-wracking pain
             ... invoked by Grinder
              (2 damage)
             ... on level 3 of the Dungeon.
             The game lasted 00:08:36 (1408 turns).

Acheron the Magician (Gargoyle Wizard)              Turns: 1408, Time: 00:08:37

Health: 0/16       AC:  5    Str: 10    XL:     2   Next: 75%
Magic:  6/6        EV: 12    Int: 18    God:
Gold:   36         SH:  0    Dex:  8    Spells: 0/7 levels left

rFire    . . .     SeeInvis .   c - +0 hand axe
rCold    . . .     Gourm    .   (no shield)
rNeg     + . .     Faith    .   a - +0 robe
rPois    ∞         Spirit   .   b - +0 hat
rElec    +         Reflect  .   (no cloak)
rCorr    .         Harm     .   k - +0 pair of gloves
MR       .....                  (no boots)
Stlth    ++........             (no amulet)
HPRegen  0.05/turn              (no ring)
MPRegen  0.10/turn              (no ring)

@: no status effects
A: negative energy resistance 1, electricity resistance, unbreathing,
petrification resistance, rot immunity, AC +2
a: no special abilities


You were on level 3 of the Dungeon.
You were not hungry.

You visited 1 branch of the dungeon, and saw 3 of its levels.

You collected 36 gold pieces.

Inventory:

Hand Weapons
 c - a +0 hand axe (weapon)
 e - a +0 short sword
Missiles
 f - 2 stones (quivered)
Armour
 a - a +0 robe (worn)
 b - a +0 hat (worn)
 j - a +0 leather armour
 k - a +0 pair of gloves (worn)
Scrolls
 h - a scroll of blinking {unknown}
Comestibles
 d - 3 rations


   Skills:
 * Level 1.1 Fighting
 * Level 1.8 Dodging
 * Level 2.4 Stealth
 + Level 3.2 Spellcasting
 * Level 1.1 Conjurations
 * Level 1.0 Summonings
 * Level 0.9 Translocations


You couldn't memorise any spells.
You knew the following spells:

 Your Spells              Type           Power        Failure   Level  Hunger
a - Magic Dart            Conj           #...         10%         1    None
b - Blink                 Tloc           N/A          16%         2    ##.....
c - Call Imp              Summ           #.......     16%         2    ##.....
d - Slow                  Hex            #.......     24%         2    ##.....

Your spell library contained the following spells:

 Spells                   Type           Power        Failure   Level  Hunger
 Conjure Flame            Conj/Fire      #.......     36%         3    ###....
 Mephitic Cloud           Conj/Pois/Air  #.......     38%         3    ###....


Dungeon Overview and Level Annotations

Branches:
Dungeon (3/15)

Altars:

Annotations:
D:2 Terence
D:3 Grinder


Innate Abilities, Weirdness & Mutations

You are resistant to torment.
Your stone body is resilient. (AC +2)
You are immune to poison.
You resist negative energy. (rN+)
You are resistant to electric shocks. (rElec)
You can survive without breathing.
You are immune to petrification.
You are immune to rotting.


Message History

Pain shoots through your body!
Grinder blinks!
You can move again.
You see here a stone.
Grinder blinks!
f - 2 stones (gained 1)
You see here a stone.
You see here a scroll labeled YKUGAENG LOKKY.
h - a scroll labeled YKUGAENG LOKKY Grinder gestures at you.
You suddenly lose the ability to move!
Grinder gestures at you. Pain shoots through your body!
* * * LOW HITPOINT WARNING * * *
You can move again.
You see here a scroll of remove curse.
It was a potion of magic.
Magic courses through your body. Grinder gestures at you.
Pain shoots through your body!
You die...

#####.###
#<......########
####.##........#
#.##........#
#..+........#
####........#
#........#
##........#
#...@.....#
#...5.....#
#.........#
#...).(#######
#...).....(..#
#........(...#
#...##.......#
#### #.......#
#.......#


You could see Grinder.

Vanquished Creatures
  A giant cockroach (D:1)
  3 goblins
  A hobgoblin (D:1)
  5 kobolds
  2 bats (D:1)
  7 rats
19 creatures vanquished.

Notes
Turn   | Place    | Note
-------+----------+-------------------------------------------
     0 | D:1      | Acheron the Gargoyle Wizard began the quest for the Orb.
     0 | D:1      | Reached XP level 1. HP: 10/10 MP: 4/4
   608 | D:1      | Reached XP level 2. HP: 16/16 MP: 1/6
   782 | D:1      | Reached skill level 1 in Fighting
   823 | D:1      | Learned a level 2 spell: Blink
   826 | D:1      | Learned a level 2 spell: Call Imp
   829 | D:1      | Learned a level 2 spell: Slow
   940 | D:1      | Reached skill level 1 in Summonings
  1354 | D:2      | Noticed Terence
  1370 | D:3      | Noticed Grinder
  1388 | D:3      | Paralysed by Grinder for 5 turns
  1405 | D:3      | Paralysed by Grinder for 3 turns
  1408 | D:3      | Killed from afar by Grinder

Illustrated notes

Levels and vault maps discovered:
D:1:      psy_arrival_conway, layout_basic
D:2:      layout_loops_ring, minmay_diced_spiral, uniq_terence
D:3:      layout_basic, lemuel_round_altar, gup_sewer_entry_spiral, uniq_robin,
          uniq_sigmund, uniq_grinder

Skill      XL: |  1  2 |
---------------+-------+-----
Fighting       | 1 |  1.1
Summonings     | 1 |  1.0
Dodging        | |  1.8
Stealth        | |  2.4
Spellcasting   | |  3.2
Conjurations   | |  1.1
Translocations | |  0.9

Action                   || total
-------------------------++-------
Melee: Hand axe          ||    16
 Cast: Magic Dart        ||    42
  Use: Scroll            ||     4
       Potion            ||     1
 Stab: Sleeping          ||     2
  Eat: Chunk             ||     1
Armor: Robe              ||    13
Dodge: Dodged            ||    22
